Map: Royal Blood LE

Players

ИИ 1 (новичок) - Winner!

  • Race: Zerg Zerg
  • Spawn Location: 7:00

TryHardLoser

  • Race: Terran Terran
  • League: Diamond
  • Spawn Location: 1:00

VOD

Have the link to the VOD?

Description

Time

  • Played on: July 12, 2023, 12:20 p.m.
  • Length: 2:30
Show
View Real Time Build Order
Export as new Build Order

ИИ 1 (новичок) Zerg - Winner!

Build Orders: Pool Only 

Get SALT Encoding   

  12  0:01  Drone  
  13  0:12  Overlord  
  13  0:16  Drone  
  14  0:35  Spawning Pool  
  13  0:36  Extractor  
  13  0:39  Drone  
  13  0:47  Drone  
  14  0:52  Overlord  
  14  1:22  Zergling x2  
  14  1:23  Queen  
  17  1:32  Roach Warren  
  16  1:33  Extractor  
  16  1:36  Drone  
  16  1:41  Zergling x2  
  16  1:44  Drone  
  18  1:58  Drone  
  18  2:00  Zergling x2  
  20  2:09  Drone  
Show
View Real Time Build Order
Export as new Build Order

TryHardLoser Terran 

Build Orders:  

Get SALT Encoding   

  12  0:00  SCV  
  13  0:13  Supply Depot  
  13  0:35  Barracks  
  13  0:44  Barracks  
  13  0:59  Barracks  
  13  1:05  SCV  
  14  1:23  Marine  
  14  1:25  Barracks  
  15  1:33  Supply Depot  
  15  1:37  Marine  
  16  1:44  Marine  
  17  1:47  Marine  
  18  1:54  Marine  
  19  2:02  Marine  
  19  2:05  Marine  
  23  2:20  Bunker  
Tags
 
League
Diamond
Matchup
ЗvТ
Opening
Pool Only
Spawn Locations
Cross Positions
Add a new tag
Caveats
  • Supply blocks, unpowered buildings, or Contaminate may cause inaccurate times.
  • Supply counts are checked every 10 seconds.